lieooidkjf, lawful male dwarven Archeologist ----------- ----------- ---------- ----------- |.........-###### |..`......| |......... ##-..^...#..| |.........| # |.........| |`........| # |.........| |.........| ##..........| ...........###### |.......^.| -------|--- -----.----- ----------- ---------.- ##### ### # ---|------- ------.---- ---------.- |.....*...| |........{| |.........| |.........| |.........| |.........| |.........| |.........| |........>| --.-------- -..-------- --------.-- ## # ####### -|--------- -.--------- ---.------- --.-------- |...*...[.| |..e......| ##-.........| |.........| |%...[%...| |Z.d@.....| # |.........-#######|.........| |*.)...(.%| |..Z.......###### |.........| #......<...| ----------- ----------- ----------- ----------- lieooidkjf the Field Worker Experience level: 5 Strength: 14 Dexterity: 10 Constitution: 13 Intelligence: 16 Wisdom: 16 Charisma: 8 Health: 0(35) Energy: 13(13) AC: 4 Gold: 1540 Moves: 2643 Your Inventory: Coins $ - 1540 gold pieces Weapons a - a blessed +2 bullwhip (alternate weapon; not wielded) q - a [blessed +1] staff [of stealth (quarterstaff)] Armor c - an uncursed +0 fedora (being worn) z - an [uncursed] +0 pair of jackboots [high] (being worn) K - a [blessed] +3 leather jacket (being worn) Comestibles d - 4 uncursed food rations k - 2 [uncursed] tins of jackal meat Scrolls s - an [uncursed] scroll labeled FOOBIE BLETCH [of enchant weapon] x - an [uncursed] scroll labeled PHOL ENDE WODAN [of enchant armor] y - a [cursed] unlabeled scroll [of blank paper] E - an [uncursed] scroll labeled PHOL ENDE WODAN [of enchant armor] H - an [uncursed] scroll labeled LEP GEX VEN ZEA [of scare monster] L - a [blessed] scroll labeled VE FORBRYDERNE [of light] Potions j - 2 [uncursed] silver potions [of booze] p - an [uncursed] dark green potion [of full healing] C - a [blessed] emerald potion [of gain energy] G - a [cursed] emerald potion [of gain energy] I - an [uncursed] white potion [of object detection] J - a [blessed] ruby potion [of confusion] Wands M - an [uncursed] runed wand [of fire (0:8)] Tools e - an uncursed +0 pick-axe (weapon in hand) f - an uncursed tinning kit (0:61) h - an uncursed sack t - an [uncursed] looking glass [mirror] F - an [uncursed magic] lamp Gems g - an uncursed touchstone B - an [uncursed] worthless piece of orange glass Spells known in the end: Name Level Category Fail Memory Your skills at the end: Fighting Skills Weapon Skills pick-axe [Basic / Expert] sling [Basic / Skilled] whip [Basic / Expert] Spellcasting Skills Final Attributes: You were piously aligned. Hunger level was 403. Your alignment was 21 / 23. Monster difficulty range was 0 - 5. Level difficulty was 5. You were telepathic. You had infravision. You were stealthy. You were fast. Your luck was zero. You are dead. Vanquished creatures: a leprechaun a bugbear a rock piercer a giant ant a floating eye an iguana a coyote a hobgoblin a yellow mold 5 geckos 3 jackals 2 kobolds a goblin 2 sewer rats 9 grid bugs a bat 4 lichens 5 newts 41 creatures vanquished. Voluntary challenges: You were an atheist. You used a wielded weapon 48 times. You read items or engraved 4 times. You put on armor 4 times. You never genocided any monsters. You never polymorphed an object. You never changed form. You used no wishes. You wrote Elbereth's name 2 times. You never encountered a bones level. You never used any Sokoban shortcuts. Dungeon overview: The Dungeons of Doom: levels 1 to 5 Level 1 a sink a long staircase Level 2 some fountains Level 3 some fountains Level 4 a long staircase Level 5 <- You were here a general store, a fountain, a sink History has recorded: On T:1 you entered the Dungeons of Doom to retrieve the Amulet of Yendor! On T:681 you advanced to experience level 2. On T:737 you reached level 2 of The Dungeons of Doom. On T:974 you advanced to experience level 3. On T:1235 you reached level 3 of The Dungeons of Doom. On T:1452 you advanced to experience level 4. On T:1508 you reached level 4 of The Dungeons of Doom. On T:1766 you reached level 5 of The Dungeons of Doom. On T:2223 you advanced to experience level 5. Latest messages: Charles Barkley misses the human zombie. (2x) The human zombie hits! Charles Barkley bites the human zombie. The human zombie misses Charles Barkley. [HP-9=26] Charles Barkley misses the human zombie. Charles Barkley bites the human zombie. The human zombie misses Charles Barkley. [HP+1=27] The human zombie hits! Charles Barkley bites the human zombie. The human zombie misses Charles Barkley. [HP-15=12] Charles Barkley misses the human zombie. (2x) The human zombie hits! Charles Barkley bites the human zombie. The human zombie hits Charles Barkley. [HP-3=9] Charles Barkley misses the human zombie. Charles Barkley bites the human zombie. The human zombie misses Charles Barkley. The human zombie hits! You die... The sack is empty. Final status: Goodbye lieooidkjf the Archeologist... You died in The Dungeons of Doom on dungeon level 5 with 2262 points, and 1540 pieces of gold, after 2643 moves. You were level 5 with a maximum of 35 hit points when you died.